 Dungeon Crawl Stone Soup version 0.32-a0-411-g744942f433 (webtiles) character file.

Game seed: 2690973052987547994

65 lunkers the Shooter (level 4, -1/32 HPs)
             Began as a Coglin Hexslinger on Feb 21, 2024.
             Slain by an endoplasm (2 damage)
             ... on level 1 of the Dungeon.
             The game lasted 00:02:04 (872 turns).

lunkers the Shooter (Coglin Hexslinger)              Turns: 872, Time: 00:02:05

Health: -1/32      AC:  3    Str: 10    XL:     4   Next: 14%
Magic:  3/5        EV: 12    Int: 13    God:
Gold:   104        SH:  0    Dex: 16    Spells: 3/5 levels left

rFire   . . .        a - +1 sling {Tae}
rCold   + . .        (no shield)
rNeg    . . .        c - +0 robe
rPois   .            (no helmet)
rElec   .            (no cloak)
rCorr   .            (no gloves)
SInv    .            f - +0 pair of boots
Will    .....        (no amulet)
Stlth   +            e - ring of protection from cold
HPRegen 0.25/turn    (no ring)
MPRegen 0.09/turn

%: no passive effects
@: weak-willed, revved
A: off-hand wielding, slow wielding, warmup strikes, legs shutdown
a: no special abilities


You were on level 1 of the Dungeon.
You visited 1 branch of the dungeon, and saw 2 of its levels.

You collected 104 gold pieces.

Inventory:

Hand Weapons
 a - a +1 sling (weapon) {Tae}
Armour
 c - a +0 robe (worn)
 f - a +0 pair of boots (worn)
Jewellery
 e - a ring of protection from cold (left grasper)
Scrolls
 b - a scroll of poison
 g - 2 scrolls of identify {unknown}
 h - a scroll of torment {unknown}
 i - a scroll of vulnerability {unknown}
Potions
 d - a potion of lignification {unknown}


   Skills:
 - Level 1.0 Fighting
 + Level 3.9 Ranged Weapons
 - Level 1.7 Dodging
 - Level 1.0 Spellcasting
 - Level 2.6 Hexes
 - Level 0.8 Fire Magic


You had 3 spell levels left.
You knew the following spells:

 Your Spells              Type           Power      Damage    Failure   Level
p - Jinxbite              Hex            14%        N/A       14%         2

Your spell library contained the following spells:

 Spells                   Type           Power      Damage    Failure   Level
 Sigil of Binding         Hex            7%         N/A       28%         3
 Inner Flame              Hex/Fire       5%         N/A       38%         3
 Cause Fear               Hex            3%         N/A       67%         4
 Dimensional Bullseye     Hex/Tloc       2%         N/A       85%         4


Dungeon Overview and Level Annotations

Branches:
Dungeon (2/15)

Altars:


Innate Abilities, Weirdness & Mutations

You can wield a second weapon in your off-hand.
It takes a long time for you to wield or remove held weapons.
Your first few attacks do less damage.
Attacking and casting redirects power from your legs.


Message History

Aim: a hobgoblin, wielding a +0 great sword (almost dead, heavily drained, chance to call a sprite on attack: 58%, 59% to hit)
You shoot a sling bullet. The sling bullet hits the hobgoblin.
You kill the hobgoblin!
The goblin completely misses you.
Unknown command.
Unknown command.
Fire: a) +1 sling {Tae}
Press: ? - help, Q - select action, (/) - cycle Shift-Dir - straight line, f - goblin
Aim: a goblin, wielding a +0 club (chance to call a sprite on attack: 58%, 51% to hit)
You shoot a sling bullet. The sling bullet hits the goblin.
The goblin is severely wounded.
The goblin hits you but does no damage. The endoplasm freezes you.
You are frozen.
You resist.
* * * LOW HITPOINT WARNING * * *
Fire: a) +1 sling {Tae}
Press: ? - help, Q - select action, (/) - cycle Shift-Dir - straight line, f/p - goblin
Aim: a goblin, wielding a +0 club (severely wounded, chance to call a sprite on attack: 58%, 51% to hit)
You shoot a sling bullet. The sling bullet hits the goblin.
You kill the goblin!
The jinxing sprites lose interest in you.
The endoplasm barely misses you. The goblin hits you with a +0 dagger.
* * * LOW HITPOINT WARNING * * *
The endoplasm closely misses you.
Fire: a) +1 sling {Tae}
Press: ? - help, Q - select action, (/) - cycle Shift-Dir - straight line, f - goblin
Aim: a goblin, wielding a +0 dagger (51% to hit)
You shoot a sling bullet.
The sling bullet closely misses the goblin.
The goblin barely misses you. The endoplasm freezes you.
You are frozen.
You resist.
* * * LOW HITPOINT WARNING * * *
Fire: a) +1 sling {Tae}
Press: ? - help, Q - select action, (/) - cycle Shift-Dir - straight line, f/p - goblin
Aim: a goblin, wielding a +0 dagger (51% to hit)
You shoot a sling bullet.
The sling bullet closely misses the goblin.
The goblin barely misses you. The endoplasm hits you.
You die...

##....#.#.#.#.#.#.#.#
##..#.#.#.#.#.#.##.#
#####....##..###..##.#
.............# #.###.#
######....#### #.# #.#
##.#.# #.#
#.########## ###.# #.#
#.......)_.# #.# #g#
#########..# #.# #@#
##.# #.# #J# #.# #.#
#.# #.# #####.######.#
#.#
#.........##.#########
#.#
#.###.###............#
#.# #.# #.#
####.#######.# #.# #.#
#.# #.# #.# #.# #.#
#.######.# #.# #.#


You could see an endoplasm and a goblin.

Vanquished Creatures
  Robin (D:2)
  A dart slug (D:1)
  A ribbon worm (D:2)
  An endoplasm (D:1)
  4 giant cockroaches (D:1)
  6 goblins
  4 hobgoblins
  2 kobolds
  A quokka (D:1)
  A ball python (D:1)
  2 bats (D:1)
  2 frilled lizards (D:1)
  3 rats
29 creatures vanquished.

Notes
Turn   | Place    | Note
-------+----------+-------------------------------------------
     0 | D:1      | lunkers the Coglin Hexslinger began the quest for the Orb.
     0 | D:1      | Reached XP level 1. HP: 15/15 MP: 2/2
    53 | D:1      | Reached skill level 2 in Ranged Weapons
    79 | D:1      | Reached XP level 2. HP: 17/21 MP: 3/3
   171 | D:1      | Found a faded altar of an unknown god.
   280 | D:1      | Reached skill level 3 in Ranged Weapons
   342 | D:1      | Reached XP level 3. HP: 24/26 MP: 4/4
   345 | D:1      | Learned a level 2 spell: Jinxbite
   744 | D:2      | Noticed Robin
   765 | D:2      | Killed Robin
   766 | D:2      | Reached XP level 4. HP: 16/32 MP: 1/5
   871 | D:1      | HP: 1/32 [frozen (1)]
   872 | D:1      | Slain by an endoplasm

Illustrated notes

Levels and vault maps discovered:
D:1:      ncdulo_watergridlock, layout_loops_ring, basic_ecumenical_altar
D:2:      layout_loops_ring, basic_altar, roderic_three_in_a_row,
          nicolae_kite_square_tiling_tiny, guppyfry_early_orc_mine,
          uniq_jessica, uniq_robin

Skill      XL: |  1  2 |
---------------+-------+-----
Ranged Weapons | 2 3 |  3.9
Fighting       | |  1.0
Dodging        | |  1.7
Spellcasting   | |  1.0
Hexes          | |  2.6
Fire Magic     | |  0.8

Action                     |  1- 3 |  4- 6 || total
---------------------------+-------+-------++-------
   Fire: Sling             |    82 |    10 ||    92
   Cast: Jinxbite          |     8 |     1 ||     9
 Armour: Robe              |    18 |    16 ||    34
  Dodge: Dodged            |    19 |    13 ||    32

Table legend: (Time is in decaauts)
 A = Elapsed time spent in this place.
 B = Non-inter-level travel time spent in this place.
 C = Inter-level travel time spent in this place.
 D = Time resting spent in this place.
 E = Time spent auto-exploring this place.
 F = Levels seen in this place.
 G = Mean time per level.
                   A        B        C        D        E       F      G
               +--------+--------+--------+--------+--------+-----+--------+
         Total |    896 |    889 |      7 |    101 |    586 |   2 |  448.0 |
       Dungeon |    896 |    889 |      7 |    101 |    586 |   2 |  448.0 |
               +--------+--------+--------+--------+--------+-----+--------+

Top non-repeatable levels by time:
     D:1: 746 daAuts
     D:2: 149 daAuts
